 Dungeon Crawl Stone Soup version 0.30.1-4-g462c640d31 (webtiles) character file.

Game seed: 11609036337189578337

11218 booth the Basher (level 11, -14/71 HPs)
             Began as a Gargoyle Monk on Aug 15, 2023.
             Was a Priest of Ashenzari.
             Demolished by Rupert
             ... wielding a +3 battleaxe of flaming
              (36 damage)
             ... on level 12 of the Dungeon on Aug 16, 2023.
             The game lasted 01:14:04 (9745 turns).

booth the Basher (Gargoyle Monk)                    Turns: 9745, Time: 01:14:04

Health: -14/71     AC: 27    Str: 18    XL:     11   Next: 74%
Magic:  21/21      EV: 13    Int: 12    God:    Ashenzari [***...]
Gold:   744        SH:  5    Dex: 12    Spells: 18/24 levels left

rFire   . . .        O - +4 morningstar (freeze)
rCold   + . .        (no shield)
rNeg    + . .        S - +0 troll leather armour
rPois   ∞            G - +1 helmet
rElec   +            x - +1 cloak of Ashenzari's Omen {Alch, Evo} (curse)
rCorr   .            H - +1 pair of gloves of Ashenzari's Jealousy {hurl, Range, Bglg} (curse)
SInv    +            J - +2 pair of boots of the Tethered Augur {Melee, Elem} (curse)
Will    .....        i - amulet of Curses and Power {Reflect SH+5, Comp, Melee} (curse)
Stlth   +++          j - ring "Circumscribed With Me" {rC+, Range, Self} (curse)
HPRegen 1.11/turn    C - +4 ring of protection
MPRegen 0.17/turn

%: reflection, clarity
@: studying 2 skills
A: sickness immunity, AC +8, negative energy resistance 1, electricity
resistance, torment resistance 1, petrification resistance
a: Renounce Religion, Shatter the Chains


You were on level 12 of the Dungeon.
You worshipped Ashenzari.
Ashenzari was most pleased with you.
You visited 2 branches of the dungeon, and saw 13 of its levels.
You also visited: Bailey.

You collected 744 gold pieces.

Inventory:

Hand Weapons
 a - a +2 flail of venom
 l - the +7 quarterstaff "Ajuqifao" {venom, +Blink rC+ Will+ Int-5}
   (You found it on level 3 of the Dungeon)

   Int:       It affects your intelligence (-5).
   rC:        It protects you from cold.
   +Blink:    It lets you blink.
   Will:      It increases your willpower.
 m - a +5 heavy morningstar
 E - a +4 eveningstar of draining
 L - the +1 mace "Beast's Regret" {pain, Drain rPois rN+ Stlth+}
   (You found it on level 9 of the Dungeon)

   rPois:     It protects you from poison.
   rN:        It protects you from negative energy.
   Drain:     It drains your maximum health when unequipped.
   Stlth:     It makes you more stealthy.
 O - a +4 morningstar of freezing (weapon)
Missiles
 h - 8 javelins
 A - 20 poisoned darts (quivered)
Armour
 d - an orb of light
 t - a +0 leather armour
 u - a +0 ring mail
 x - the cursed +1 cloak of Ashenzari's Omen (worn) {Alch, Evo}
   (You took it off Crazy Yiuf on level 5 of the Dungeon)

   It has a curse which improves the following skills: Alchemy: Poison Magic and
   Transmutations.
   Evocations: Evocations.
 G - a +1 helmet (worn)
 H - the cursed +1 pair of gloves of Ashenzari's Jealousy (worn) {hurl, Range, Bglg}
   (You found it on level 7 of the Dungeon)

   It has a curse which improves the following skills: Ranged Combat: Ranged
   Weapons and Throwing.
   Beguiling: Conjurations, Hexes and Translocations.
 J - the cursed +2 pair of boots of the Tethered Augur (worn) {Melee, Elem}
   (You found it on level 8 of the Dungeon)

   It has a curse which improves the following skills: Melee Combat: Short
   Blades, Long Blades, Axes, Maces & Flails, Polearms, Staves and Unarmed
   Combat.
   Elements:  Fire Magic, Ice Magic, Air Magic and Earth Magic.
 S - a +0 troll leather armour (worn)
Jewellery
 i - the cursed amulet of Curses and Power (around neck) {Reflect SH+5, Comp, Melee}
   (You found it on level 5 of the Dungeon)

   [amulet of reflection]

   It reflects blocked missile attacks.
   SH:        It affects your SH (+5).
   It has a curse which improves the following skills: Companions: Summonings
   and Necromancy.
   Melee Combat: Short Blades, Long Blades, Axes, Maces & Flails, Polearms,
   Staves and Unarmed Combat.
 j - the cursed ring "Circumscribed With Me" (left hand) {rC+, Range, Self}
   (You found it on level 1 of the Dungeon)

   [ring of protection from cold]

   rC:        It protects you from cold.
   It has a curse which improves the following skills: Ranged Combat: Ranged
   Weapons and Throwing.
   Introspection: Fighting and Spellcasting.
 q - a ring of wizardry
 v - a ring of protection from cold
 C - a +4 ring of protection (right hand)
 F - an amulet of the acrobat
 Q - a ring of fire
Wands
 r - a wand of flame (52)
 I - a wand of roots (6)
 P - a wand of mindburst (2)
Scrolls
 b - 3 scrolls of blinking
 e - 2 scrolls of summoning
 f - 4 scrolls of teleportation
 p - a scroll of fear
 s - 2 scrolls of silence
 y - 3 scrolls of magic mapping
 N - 4 scrolls of fog
 T - a scroll of poison
Potions
 c - 5 potions of ambrosia
 g - 4 potions of attraction
 k - 7 potions of curing
 n - a potion of invisibility
 o - a potion of haste
 w - 2 potions of flight
 z - a potion of lignification
 B - 5 potions of mutation
 D - 2 potions of might
 K - 2 potions of cancellation
 M - a potion of magic
 R - a potion of resistance


   Skills:
 + Level 7.6(9.2) Fighting
 + Level 9.4(12.2) Maces & Flails
 + Level 5.5(9.8) Staves
 + Level 6.6 Armour
 + Level 5.9 Dodging
 + Level 7.3 Stealth
 - Level 0.5 Shields
 + Level 5.7(7.2) Spellcasting
 + Level 8.6(10.1) Ice Magic
 + Level 5.3(6.8) Earth Magic


You had 18 spell levels left.
You knew the following spells:

 Your Spells              Type           Power      Damage    Failure   Level
a - Sandblast             Erth           40%        2d10      1%          1
b - Passwall              Tmut/Erth      10%        N/A       7%          2
c - Stone Arrow           Conj/Erth      24%        3d8       13%         3

Your spell library contained the following spells:

 Spells                   Type           Power      Damage    Failure   Level
 Apportation              Tloc           8%         N/A       17%         1
 Tukima's Dance           Hex            4%         N/A       45%         3
 Passage of Golubria      Tloc           4%         N/A       86%         4
 Alistair's Intoxication  Tmut/Pois      2%         N/A       99%         5
 Yara's Violent Unravell  Hex/Tmut       2%         3d3       99%         5


Dungeon Overview and Level Annotations

Branches:
Dungeon (12/15)            Temple (1/1) D:6            Lair (0/5) D:11
    Orc (0/2) D:9          Bailey (visited)

Altars:
Ashenzari
Cheibriados
Dithmenos
Elyvilon
Fedhas
Gozag
Hepliaklqana
Kikubaaqudgha
Makhleb
Nemelex Xobeh
Okawaru
Qazlal
Ru
Sif Muna
Trog
Uskayaw
Vehumet
Wu Jian
Xom
Yredelemnul
Zin
The Shining One

Portals:
Gauntlet: D:12

Annotations:
D:12 Rupert


Innate Abilities, Weirdness & Mutations

You are immune to sickness and miasma.
Your stone body is resilient. (AC +8)
You are immune to poison.
You resist negative energy. (rN+)
You are resistant to electric shocks. (rElec)
You are resistant to unholy torment.
You are immune to petrification.


Message History

Rupert yells loudly at you.
You barely resist. Rupert closely misses you.
You impale Rupert!! You freeze Rupert!
Rupert is moderately wounded.
You hit Rupert. You freeze Rupert.
Rupert is moderately wounded.
Rupert hits you with a +3 battleaxe of flaming!
Rupert burns you.
You hit Rupert. You freeze Rupert.
Rupert is moderately wounded.
Rupert hits you but does no damage.
You hit Rupert. You freeze Rupert.
Rupert is moderately wounded.
Rupert barely misses you.
You sock Rupert! You freeze Rupert.
Rupert is heavily wounded.
Rupert roars madly and goes into a rage!
Rupert goes berserk!
You sock Rupert! You freeze Rupert.
Rupert is heavily wounded.
Rupert barely misses you.
Aiming: Mindburst
Press: ? - help, Q - select action, (/) - cycle Shift-Dir - straight line, f - Rupert
Aim: Rupert, wielding a +3 battleaxe of flaming and wearing a +3 ring mail of fire resistance (heavily wounded, berserk, chance to affect: 6%) Rupert resists with almost no effort.
Rupert hits you with a +3 battleaxe of flaming!
Rupert burns you. Rupert hits you but does no damage.
You puncture Rupert! You freeze Rupert. You punch Rupert, but do no damage.
Rupert is heavily wounded.
Rupert hits you with a +3 battleaxe of flaming!
Rupert burns you.
* * * LOW HITPOINT WARNING * * *
Aiming: Mindburst
Press: ? - help, Q - select action, (/) - cycle Shift-Dir - straight line, f/p - Rupert
Aim: Rupert, wielding a +3 battleaxe of flaming and wearing a +3 ring mail of fire resistance (heavily wounded, berserk, chance to affect: 6%) Rupert resists with almost no effort.
Rupert hits you with a +3 battleaxe of flaming!!!
Ouch! That really hurt!
You die...

, , * #.. , ,
, * * ..# *
,, * ,*#.# *
, , * #.# ***
#.# #.# * *
#.# #.#
#####@####
**#..∩<@...#
#..........#
,
...#........#
,, .
#>..>....#
#........# *
* ,
#........# ,,
, #.........,
,
#........##*


You could see Rupert (berserk).

Vanquished Creatures
  2 vault guards (Bailey)
  A boulder beetle (D:11)
  A manticore (D:11)
  A komodo dragon (D:11)
  A troll (D:10)
  A hornet (D:9)
  A wraith (D:9)
  2 shadows
  Sigmund (D:2)
  A vampire (D:11)
  3 humans (Bailey)
  6 yaks (D:11)
  3 steam dragons
  Duvessa (D:4)
  2 water moccasins
  10 orc warriors
  2 black bears
  6 centaurs
  A kobold brigand (D:9)
  A phantom (D:3)
  Blork the orc (D:5)
  19 bullfrogs
  2 scorpions
  5 wights (D:9)
  Dowan (D:4)
  27 killer bees
  3 howler monkeys (D:8)
  2 orc priests
  5 hounds
  2 iguanas (D:6)
  Crazy Yiuf (D:5)
  Ijyb (D:5)
  2 sleepcaps
  8 orc wizards
  A mummy (D:6)
  A gnoll (Bailey)
  3 adders
  2 shadow imps
  A white imp (D:7)
  An ufetubus (D:5)
  2 worms (D:2)
  3 dart slugs
  36 orcs
  10 endoplasms
  A giant cockroach (D:3)
  9 goblins
  8 hobgoblins
  3 jackals (D:1)
  8 kobolds
  8 ball pythons
  4 bats
  A frilled lizard (D:3)
  4 hobgoblin zombies (D:6)
  3 rats
235 creatures vanquished.

Vanquished Creatures (collateral kills)
  Prince Ribbit (Bailey)
1 creature vanquished.

Vanquished Creatures (others)
  An orc wizard (D:7)
1 creature vanquished.

Grand Total: 237 creatures vanquished

Notes
Turn   | Place    | Note
-------+----------+-------------------------------------------
     0 | D:1      | booth the Gargoyle Monk began the quest for the Orb.
     0 | D:1      | Reached XP level 1. HP: 14/14 MP: 1/1
   191 | D:1      | Reached XP level 2. HP: 19/19 MP: 2/2
   839 | D:2      | Reached XP level 3. HP: 12/23 MP: 3/3
   983 | D:2      | Noticed Sigmund
   996 | D:2      | Killed Sigmund
   997 | D:2      | Reached skill level 4 in Maces & Flails
   997 | D:2      | Reached skill level 1 in Armour
   997 | D:2      | Reached skill level 1 in Stealth
   997 | D:2      | Reached skill level 1 in Spellcasting
   997 | D:2      | Reached XP level 4. HP: 29/29 MP: 3/5
   997 | D:2      | Reached XP level 5. HP: 33/33 MP: 3/6
  1142 | D:2      | Found a stormy altar of Qazlal.
  1212 | D:2      | Identified a scroll of acquirement
  1216 | D:2      | Acquired a manual of Ice Magic
  1649 | D:3      | Found an ornate altar of the Wu Jian Council.
  1655 | D:3      | Noticed a spectral centipede
  1655 | D:3      | Noticed a spectral black mamba
  1655 | D:3      | Noticed a spectral cane toad
  1674 | D:3      | Identified the +7 quarterstaff "Ajuqifao" {venom, +Blink
                  | rC+ Will+ Int-5}
  1923 | D:3      | Noticed a phantom
  1929 | D:3      | Killed a phantom
  1930 | D:3      | Reached XP level 6. HP: 28/38 MP: 6/8
  2107 | D:3      | Reached skill level 1 in Ice Magic
  2586 | D:4      | Found a white marble altar of Elyvilon.
  2827 | D:4      | Noticed Duvessa
  2828 | D:4      | Noticed Dowan
  2837 | D:4      | Killed Duvessa
  2838 | D:4      | Reached XP level 7. HP: 32/44 MP: 8/10
  2847 | D:4      | Killed Dowan
  3179 | D:5      | Entered Level 5 of the Dungeon
  3280 | D:5      | Noticed Blork the orc
  3281 | D:5      | Reached skill level 5 in Maces & Flails
  3281 | D:5      | Reached skill level 1 in Staves
  3295 | D:5      | Killed Blork the orc
  3365 | D:5      | Noticed Ijyb
  3385 | D:5      | Reached XP level 8. HP: 20/48 MP: 11/11
  3392 | D:5      | Killed Ijyb
  3849 | D:5      | Found a runed translucent door.
  3850 | D:5      | Noticed Crazy Yiuf
  3855 | D:5      | Killed Crazy Yiuf
  4080 | D:6      | Reached skill level 5 in Fighting
  4285 | D:6      | Found a staircase to the Ecumenical Temple.
  4301 | Temple   | Entered the Ecumenical Temple
  4386 | Temple   | Became a worshipper of Ashenzari the Shackled
  4485 | D:6      | Reached * piety under Ashenzari
  4515 | D:6      | Reached skill level 6 in Maces & Flails
  4601 | D:6      | Noticed a shadow
  4612 | D:6      | Killed a shadow
  4613 | D:6      | Reached XP level 9. HP: 51/55 MP: 13/15
  4952 | D:6      | Acquired a +4 eveningstar of draining
  5042 | D:7      | Reached skill level 5 in Ice Magic
  5324 | D:7      | Found a stormy altar of Qazlal.
  5458 | D:7      | Reached skill level 7 in Maces & Flails
  5458 | D:7      | Reached skill level 5 in Stealth
  5528 | D:7      | Reached skill level 1 in Earth Magic
  5793 | D:8      | Reached ** piety under Ashenzari
  5889 | D:8      | Found a sparkling altar of Nemelex Xobeh.
  6305 | D:8      | Learned a level 1 spell: Sandblast
  6548 | D:9      | Found a shadowy altar of Dithmenos.
  6552 | D:9      | Identified the +1 mace "Beast's Regret" {pain, Drain rPois
                  | rN+ Stlth+}
  6593 | D:9      | Reached XP level 10. HP: 40/63 MP: 18/18
  6615 | D:9      | Reached skill level 5 in Armour
  6701 | D:9      | Found a staircase to the Orcish Mines.
  6842 | D:9      | Found a radiant altar of Vehumet.
  6887 | D:9      | Found a flagged portal.
  6904 | Bailey   | Entered a bailey
  6922 | Bailey   | Reached skill level 5 in Dodging
  6945 | Bailey   | Reached skill level 8 in Maces & Flails
  7059 | Bailey   | Noticed a vault guard
  7074 | Bailey   | Killed a vault guard
  7204 | Bailey   | Noticed Prince Ribbit
  7204 | Bailey   | Noticed a vault guard
  7209 | Bailey   | Killed Prince Ribbit
  7249 | Bailey   | Killed a vault guard
  7250 | Bailey   | Reached skill level 5 in Spellcasting
  7250 | Bailey   | Reached XP level 11. HP: 40/68 MP: 18/20
  7505 | D:9      | Reached skill level 5 in Staves
  7525 | D:9      | Found a hide-covered altar of Uskayaw.
  7718 | D:9      | Learned a level 2 spell: Passwall
  7722 | D:9      | Learned a level 3 spell: Stone Arrow
  7973 | D:9      | Found a bloodstained altar of Trog.
  8310 | D:10     | Entered Level 10 of the Dungeon
  8523 | D:10     | Reached skill level 9 in Maces & Flails
  9266 | D:11     | Noticed a manticore
  9275 | D:11     | Reached skill level 5 in Earth Magic
  9291 | D:11     | Killed a manticore
  9407 | D:11     | Noticed a boulder beetle
  9431 | D:11     | Killed a boulder beetle
  9439 | D:11     | Found a staircase to the Lair.
  9712 | D:11     | Reached *** piety under Ashenzari
  9729 | D:12     | Noticed Rupert
  9729 | D:12     | Found a gate leading to a gauntlet.
  9745 | D:12     | Demolished by Rupert

Illustrated notes

Levels and vault maps discovered:
D:1:      minmay_arrival_three_doors, layout_loops_ring
D:2:      layout_loops_cross, basic_altar, uniq_sigmund
D:3:      layout_loops_cross, pdpol_wu_jian_five_deadly_venoms
D:4:      layout_loops_cross, elyvilon_altar_4, uniq_duvessa
D:5:      layout_rooms, uniq_crazy_yiuf_cottage, uniq_ijyb, uniq_blork_the_orc
D:6:      layout_loops_cross, temple_hall, minmay_mini_ossuary
D:7:      minmay_angry_zag, layout_rooms, nicolae_qazlal_eye_of_the_storm
D:8:      layout_loops_ring, mainiacjoe_overflow_surrounded_room
D:9:      layout_roguey, nicolae_uskayaw_dance_hall, lemuel_tele_altar,
          nicolae_dithmenos_shadow_blocks, mainiacjoe_overflow_brackets,
          david_orc_2, enter_bailey_2, eino_tiny_chamber
D:10:     layout_cave_pools
D:11:     layout_loops_ring, grunt_lair_entry_orc_guard_hut
D:12:     layout_roguey, gauntlet_entry_generic,
          portal_ice_cave_entry_animals_and_master, uniq_rupert
Temple:   nicolae_temple_great_sept

Skill      XL: |  1  2  3  4  5  6  7  8  9 10 11 |
---------------+----------------------------------+-----
Fighting       | 4 5 6 7 |  7.6
Maces & Flails | 4 5 6 7 8 9 |  9.4
Armour         | 1 2 3 4 5 6 |  6.6
Dodging        | 3 4 5 |  5.9
Stealth        | 1 2 3 4 5 6 7 |  7.3
Spellcasting   | 1 2 3 4 5 |  5.7
Ice Magic      | 2 3 4 6 7 8 |  8.6
Staves         | 1 2 3 4 5 |  5.5
Earth Magic    | 2 4 5 |  5.3
Shields        | |  0.5

Action                     |  1- 3 |  4- 6 |  7- 9 | 10-12 || total
---------------------------+-------+-------+-------+-------++-------
  Melee: Mace              |    72 |    28 |       |       ||   100
         Quarterstaff      |       |    65 |   251 |   171 ||   487
         Morningstar       |       |       |       |   193 ||   193
         Punch             |       |       |       |     6 ||     6
  Throw: Boomerang         |       |       |     7 |       ||     7
         Javelin           |       |       |    11 |     3 ||    14
         Dart              |       |       |       |    16 ||    16
   Cast: Sandblast         |       |       |       |     1 ||     1
 Invoke: Curse Item        |       |       |     3 |     2 ||     5
  Evoke: Wand              |       |       |       |     4 ||     4
    Use: Scroll            |     4 |     6 |     4 |     4 ||    18
         Potion            |     1 |     2 |     1 |     1 ||     5
   Stab: Sleeping          |       |     4 |     9 |     3 ||    16
         Distracted        |       |       |     1 |       ||     1
 Armour: Robe              |    19 |    28 |    99 |   138 ||   284
         Troll leather arm |       |       |       |    37 ||    37
  Dodge: Dodged            |    44 |    49 |   152 |   212 ||   457
  Block: Other             |       |       |    59 |    87 ||   146
         Reflection        |       |       |     1 |     1 ||     2
